Map: Croisement de Kairos EC

Players

llllllllllll - Winner!

  • Race: Protoss Protoss
  • League: Master
  • Spawn Location: 5:00

spencer

  • Race: Zerg Zerg
  • League: Master
  • Spawn Location: 11:00

VOD

Have the link to the VOD?

Description

Time

  • Played on: Jan. 13, 2019, 3:21 p.m.
  • Length: 7:50
Show
View Real Time Build Order
Export as new Build Order

llllllllllll Protoss - Winner!

Build Orders: 1 Gate Expand, Oracle Opening 

Get SALT Encoding   

  12  0:00  Probe  
  13  0:13  Probe  
  14  0:21  Probe  
  14  0:22  Pylon  
  15  0:36  Probe  
  15  0:40  Gateway  
  16  0:48  Probe  
  16  0:49  Assimilator  
  17  0:57  Probe  
  18  1:06  Probe  
  19  1:15  Probe  
  20  1:28  Nexus  
  20  1:38  Cybernetics Core  
  20  1:41  Probe  
  20  1:45  Assimilator  
  21  1:53  Probe  
  22  1:56  Pylon  
  22  2:05  Probe, Stalker  
  25  2:17  Probe  
  26  2:29  Probe  
  27  2:32  Warp Gate, Stargate  
  27  2:38  Adept  
  27  2:40  Probe  
  27  2:42  Probe  
  31  2:52  Probe  
  31  2:53  Assimilator  
  31  2:55  Probe  
  33  3:03  Stargate  
  34  3:07  Probe  
  35  3:15  Gateway  
  35  3:17  Oracle  
  35  3:19  Probe  
  36  3:20  Probe  
  39  3:32  Probe x2  
  41  3:40  Pylon  
  41  3:44  Probe  
  41  3:45  Probe  
  43  3:49  Oracle  
  43  3:53  Pylon  
  46  4:02  Probe x2  
  48  4:04  Oracle  
  49  4:14  Probe  
  50  4:17  Oracle  
  50  4:31  Zealot  
  55  4:33  Probe x2  
  55  4:34  Oracle  
  55  4:36  Assimilator  
  57  4:40  Pylon  
  60  4:46  Probe x2  
  62  4:53  Twilight Council  
  62  4:56  Pylon  
  62  4:57  Pylon  
  62  5:05  Pylon  
  62  5:07  Zealot  
  62  5:08  Zealot  
  62  5:09  Robotics Facility  
  66  5:16  Oracle  
  66  5:25  Gateway  
  66  5:26  Gateway  
  66  5:28  Charge  
  69  5:30  Gateway  
  66  5:47  Probe x2, Oracle  
  66  5:49  Zealot x2  
  72  5:52  Gateway  
  72  5:53  Warp Prism  
  72  5:55  Gateway  
  72  5:59  Pylon  
  77  6:11  Zealot  
  77  6:12  Zealot  
  81  6:21  Zealot  
  81  6:22  Zealot  
  85  6:26  Zealot  
  85  6:32  Zealot x2  
  89  6:35  Pylon  
  91  6:54  Templar Archives  
  91  6:55  Zealot x5  
  91  6:56  Zealot x2  
  95  7:22  Zealot x4  
  103  7:23  Zealot x3  
  94  7:42  Zealot x2  
  94  7:43  Zealot x3  
  94  7:44  Zealot x2  
Show
View Real Time Build Order
Export as new Build Order

spencer Zerg 

Build Orders: Hatch First 

Get SALT Encoding   

  12  0:01  Drone  
  13  0:12  Overlord  
  13  0:17  Drone  
  14  0:31  Drone x2  
  16  0:49  Hatchery  
  15  0:52  Drone  
  15  0:55  Drone  
  17  0:59  Drone  
  18  1:11  Extractor  
  18  1:14  Spawning Pool  
  18  1:17  Drone  
  17  1:20  Drone  
  18  1:28  Drone  
  20  1:40  Drone  
  20  2:01  Queen  
  20  2:02  Queen  
  20  2:03  Drone x2  
  20  2:04  Drone  
  27  2:20  Metabolic Boost, Hatchery  
  26  2:26  Zergling x4  
  28  2:32  Overlord  
  28  2:38  Extractor, Drone  
  29  2:44  Overlord  
  29  2:47  Overlord  
  29  3:02  Queen  
  31  3:06  Drone  
  31  3:07  Drone x5  
  37  3:14  Overlord  
  37  3:17  Drone  
  37  3:18  Drone x2  
  40  3:22  Drone  
  40  3:23  Drone  
  42  3:29  Overlord  
  42  3:35  Roach Warren  
  42  3:38  Queen  
  43  3:49  Drone x6  
  48  4:08  Overlord, Drone  
  48  4:09  Drone x4  
  53  4:13  Extractor  
  53  4:15  Extractor  
  51  4:17  Spore Crawler  
  51  4:20  Spore Crawler  
  51  4:23  Spore Crawler  
  48  4:26  Queen, Extractor  
  49  4:32  Drone x2  
  49  4:34  Drone x4  
  55  4:47  Drone x3  
  55  4:49  Drone x2  
  55  4:50  Drone x3  
  63  4:53  Lair  
  63  5:05  Drone  
  63  5:06  Drone x2  
  66  5:07  Overlord  
  66  5:11  Overlord x2  
  66  5:22  Spore Crawler  
  66  5:27  Spore Crawler  
  64  5:28  Spore Crawler  
  58  5:46  Queen x2  
  58  5:49  Drone  
  63  5:50  Drone x8  
  63  5:51  Hatchery  
  66  6:00  Glial Reconstitution  
  66  6:01  Hydralisk Den  
  65  6:12  Roach x6  
  77  6:20  Extractor  
  77  6:22  Queen  
  78  6:28  Queen  
  78  6:32  Roach x5  
  90  6:42  Spore Crawler, Overlord x3  
  90  6:44  Spore Crawler  
  86  6:55  Roach  
  88  7:07  Roach  
  88  7:08  Roach x13  
  106  7:19  Roach x3  
Tags
 
Add a new tag
Caveats
  • Supply blocks, unpowered buildings, or Contaminate may cause inaccurate times.
  • Supply counts are checked every 10 seconds.